 Dungeon Crawl Stone Soup version 0.29.1-15-g9cfb28693d (console) character file.

Game seed: 7111798697163176145

1199 om the Changer (level 8, 0/62 HPs)
             Began as a Formicid Venom Mage on Apr 25, 2023.
             Slain by an orc warrior
             ... wielding a +0 battleaxe
              (11 damage)
             ... on level 5 of the Dungeon.
             The game lasted 00:19:46 (6968 turns).

om the Changer (Formicid Venom Mage)                Turns: 6968, Time: 00:19:47

Health: 0/62       AC:  2    Str: 12    XL:     8   Next: 72%
Magic:  23/23      EV: 25    Int: 18    God:
Gold:   331        SH:  5    Dex: 19    Spells: 4/15 levels left

rFire   . . .      SeeInvis .   (weapon currently unavailable)
rCold   + . .      Faith    .   (shield currently unavailable)
rNeg    . . .      Spirit   .   (body armour currently unavailable)
rPois   x          Reflect  +   (helmet unavailable)
rElec   .          Harm     .   (cloak currently unavailable)
rCorr   .          Rampage  .   (gloves currently unavailable)
Will    .....                   (boots currently unavailable)
Stlth   +++.......              m - amulet of reflection
HPRegen 0.20/turn               d - ring "Ahionidi" {rC+ MP+9}
MPRegen 0.18/turn               j - +4 ring of evasion

@: spider-form (expiring)
A: venomous fangs, permanent stasis, dig shafts and tunnels, tiny, (antennae 3),
four strong arms
a: End Transformation


You were on level 5 of the Dungeon.
You were a venomous arachnid creature.
You visited 1 branch of the dungeon, and saw 6 of its levels.

You collected 331 gold pieces.

Inventory:

Hand Weapons
 e - a +1 mace (melded)
 g - a +2 vorpal sling
Armour
 a - a +1 robe (melded)
 p - the +3 pair of seven-league boots (melded) {Rampage+∞}
   (You acquired it on level 3 of the Dungeon)

   Its wearer moves as far as possible in that direction when moving towards
   enemies.
Jewellery
 d - the ring "Ahionidi" (left front leg) {rC+ MP+9}
   (You acquired it on level 3 of the Dungeon)

   [ring of magical power]

   rC:        It protects you from cold.
   MP:        It affects your magic capacity (+9).
 j - a +4 ring of evasion (right front leg)
 k - a ring of poison resistance
 m - an amulet of reflection (around neck)
 q - a ring of flight
 v - a ring of protection from cold
Scrolls
 b - a scroll of noise
 c - 2 scrolls of enchant weapon
 h - 2 scrolls of enchant armour
 l - a scroll of poison {unknown}
 n - a scroll of torment {unknown}
 o - a scroll of immolation {unknown}
 t - a scroll of fear {unknown}
 u - a scroll of brand weapon {unknown}
 w - a scroll of butterflies {unknown}
 x - a scroll of identify
Potions
 f - 2 potions of brilliance
 i - a potion of attraction
 r - a potion of invisibility {unknown}
 s - a potion of cancellation {unknown}


   Skills:
 - Level 5.0 Fighting
 - Level 0.2 Maces & Flails
 - Level 3.0 Armour
 + Level 4.0 Dodging
 - Level 3.0 Stealth
 - Level 4.0 Spellcasting
 + Level 5.9 Transmutations
 - Level 5.0 Poison Magic


You had 4 spell levels left.
You knew the following spells:

 Your Spells              Type           Power      Damage    Failure   Level
a - Sting                 Tmut/Pois      92%        1d7       7%          1
b - Poisonous Vapours     Pois/Air       24%        N/A       21%         2
c - Beastly Appendage     Tmut           48%        N/A       6%          1
d - Spider Form           Tmut/Pois      23%        N/A       14%         3
e - Olgreb's Toxic Radia  Pois           21%        N/A       38%         4

Your spell library contained the following spells:

 Spells                   Type           Power      Damage    Failure   Level
 Wereblood                Tmut           24%        N/A       8%          2
 Necrotise                Necr           12%        1d4       32%         1
 Slow                     Hex            12%        N/A       32%         1
 Mephitic Cloud           Conj/Pois/Air  9%         N/A       43%         3
 Confusing Touch          Hex            3%         N/A       63%         3
 Lesser Beckoning         Tloc           3%         N/A       63%         3
 Vampiric Draining        Necr           3%         2d6       63%         3
 Airstrike                Air            1%         2d(1-17)  93%         4
 Summon Lightning Spire   Summ/Air       3%         N/A       93%         4
 Agony                    Necr           3%         N/A       99%         5
 Lightning Bolt           Conj/Air       1%         1d12      99%         5
 Manifold Assault         Tloc           3%         N/A       99%         5
 Blink                    Tloc           Unusable   N/A       N/A         2

Dungeon Overview and Level Annotations

Branches:
Dungeon (6/15)
 Temple: D:4-7

Altars:
Nemelex Xobeh
Trog

Annotations:
D:3 2 transporters, turtlewat's ghost, amateur SpCj


Innate Abilities, Weirdness & Mutations

You are a venomous arachnid creature.
You have poisonous fangs.
You are tiny and dextrous.
Your spellcasting is less reliable in this form.
Your armour is entirely melded.
You are incapable of wielding weapons or throwing items.
You cannot be hasted, slowed, berserked, paralysed or teleported.
You can dig through walls and to a lower floor.
((You have a pair of large antennae on your head. (SInv)))
Your four strong arms can wield two-handed weapons with a shield.


Message History

The orc wizard casts a spell.
The orc wizard flickers and vanishes!
Deactivating autopickup; reactivate with Ctrl-A.
There is a stone staircase leading up here.
The orc warrior completely misses you.
You climb upwards.
Reactivating autopickup.
Your transformation is almost over.
There is a stone staircase leading down here.
You hit the orc warrior but do no damage.
The orc warrior is poisoned.
The orc warrior is moderately wounded.
The orc warrior misses you.
You hit the orc warrior but do no damage.
The orc warrior looks even sicker.
The orc warrior is moderately wounded.
The orc warrior completely misses you.
You hit the orc warrior.
The orc warrior is moderately wounded.
The orc warrior completely misses you.
You hit the orc warrior but do no damage.
The orc warrior looks as sick as possible!
The orc warrior is moderately wounded.
You block the orc warrior's attack.
You hit the orc warrior.
The orc warrior looks as sick as possible!
The orc warrior is heavily wounded.
You block the orc warrior's attack.
You hit the orc warrior but do no damage.
The orc warrior looks as sick as possible!
The orc warrior is severely wounded.
The orc warrior misses you.
You barely miss the orc warrior.
The orc warrior is severely wounded.
The orc warrior completely misses you.
You hit the orc warrior but do no damage.
The orc warrior looks as sick as possible!
The orc warrior is severely wounded.
The orc warrior hits you with a +0 battleaxe!
You die...

....+...#....'...................
....#...#....#...................
+#####..#....##'###############..
...###..##...................####
.........#...................#...
.........'...................'...
....##...#...................####
....##...#....#'######'#.........
######...#....#.s......######....
.........#....#..o..........'....
.........+....#.............#....
....###..#....#####....###+##....
....###..##+#.....#....##.....###
.....'......#.....+.....#.....#..
.....#......+.....#.....#.....#..
########'####.....####+##.....#..
..##.##......................##..


You could see an orc warrior (extremely poisoned).

Vanquished Creatures
  Sigmund (D:3)
  Eustachio (D:5)
  A water moccasin (D:5)
  Duvessa (D:5)
  A phantom (D:4)
  2 scorpions
  2 necrophages (D:4)
  Dowan (D:5)
  A hound (D:4)
  A jelly (D:4)
  A gnoll bouda (D:6)
  2 iguanas (D:5)
  An orc wizard (D:5)
  7 gnolls
  2 adders
  An ufetubus (D:5)
  2 dart slugs
  A worm (D:2)
  10 orcs
  15 endoplasms
  5 giant cockroaches
  9 goblins
  13 hobgoblins
  6 jackals
  3 quokkas
  4 ball pythons
  5 bats
  4 frilled lizards
  5 kobolds
  9 rats
117 creatures vanquished.

Notes
Turn   | Place    | Note
-------+----------+-------------------------------------------
     0 | D:1      | om the Formicid Venom Mage began the quest for the Orb.
     0 | D:1      | Reached XP level 1. HP: 13/13 MP: 3/3
   290 | D:1      | Reached XP level 2. HP: 19/19 MP: 5/5
   565 | D:1      | Found a faded altar of an unknown god.
   723 | D:1      | Learned a level 2 spell: Poisonous Vapours
   733 | D:1      | Reached XP level 3. HP: 24/24 MP: 2/6
  1681 | D:2      | Reached XP level 4. HP: 30/30 MP: 1/8
  1683 | D:2      | Learned a level 1 spell: Beastly Appendage
  2578 | D:3      | Noticed Sigmund
  2593 | D:3      | Killed Sigmund
  2594 | D:3      | Reached skill level 5 in Poison Magic
  2594 | D:3      | Reached XP level 5. HP: 32/35 MP: 0/9
  2594 | D:3      | Reached XP level 6. HP: 37/41 MP: 0/10
  2776 | D:3      | Identified 2 scrolls of acquirement
  2777 | D:3      | Acquired the +3 pair of seven-league boots {Rampage+∞}
  2777 | D:3      | Found the +3 pair of seven-league boots {Rampage+∞}
  2919 | D:3      | Found a transporter.
  2934 | D:3      | Noticed turtlewat's ghost (amateur SpCj)
  2937 | D:3      | Found a transporter.
  3024 | D:3      | Found a sparkling altar of Nemelex Xobeh.
  3219 | D:3      | Reached skill level 1 in Fighting
  3245 | D:3      | Acquired the ring "Ahionidi" {rC+ MP+9}
  3597 | D:4      | Learned a level 3 spell: Spider Form
  3699 | D:4      | Reached XP level 7. HP: 33/52 MP: 11/11
  4692 | D:4      | Found a bloodstained altar of Trog.
  4752 | D:5      | Entered Level 5 of the Dungeon
  5443 | D:5      | Noticed a water moccasin
  5468 | D:5      | Killed a water moccasin
  5469 | D:5      | Reached skill level 1 in Armour
  5469 | D:5      | Reached skill level 5 in Transmutations
  5469 | D:5      | Reached XP level 8. HP: 13/61 MP: 14/14
  5936 | D:5      | Noticed Eustachio
  5959 | D:5      | Killed Eustachio
  6127 | D:5      | Learned a level 4 spell: Olgreb's Toxic Radiance
  6448 | D:5      | Noticed Dowan
  6468 | D:5      | Killed Dowan
  6515 | D:5      | Noticed Duvessa
  6530 | D:5      | Killed Duvessa
  6531 | D:5      | Reached skill level 5 in Fighting
  6968 | D:5      | Slain by an orc warrior

Illustrated notes

Levels and vault maps discovered:
D:1:      nicolae_arrival_memento_mori, layout_rooms,
          shapermc_ecumenical_altar_mp_highgroup
D:2:      layout_loops_ring
D:3:      layout_loops_corners, nemelex_spade_bored_becter,
          gammafunk_ghost_arena, uniq_sigmund
D:4:      layout_loops_ring, marbit_many_paths
D:5:      layout_gridville, uniq_duvessa, uniq_eustachio
D:6:      layout_loops_ring

Skill      XL: |  1  2  3  4  5  6  7  8 |
---------------+-------------------------+-----
Dodging        | 2 3 4 |  4.0
Transmutations | 3 4 5 |  5.9
Stealth        | 3 |  3.0
Spellcasting   | 3 4 |  4.0
Poison Magic   | 5 |  5.0
Fighting       | 3 4 5 |  5.0
Armour         | 1 3 |  3.0
Maces & Flails | |  0.2

Action                   |  1- 3 |  4- 6 |  7- 9 || total
-------------------------+-------+-------+-------++-------
Melee: Mace              |    41 |    48 |    56 ||   145
       Unarmed           |       |    15 |    89 ||   104
       Punch             |       |     2 |     1 ||     3
       Kick              |       |     1 |     3 ||     4
 Fire: Sling             |       |    32 |       ||    32
 Cast: Sting             |    42 |    44 |    40 ||   126
       Poisonous Vapours |     6 |     8 |    19 ||    33
       Spider Form       |       |     1 |    11 ||    12
       Beastly Appendage |       |     1 |     2 ||     3
  Use: Potion            |     1 |     2 |     1 ||     4
       Scroll            |       |     9 |     1 ||    10
 Stab: Sleeping          |     2 |     2 |     1 ||     5
Armor: Robe              |     4 |    30 |    15 ||    49
       Skin              |       |     1 |     7 ||     8
Dodge: Dodged            |    32 |    70 |   159 ||   261
Block: Other             |       |    10 |    41 ||    51
       Reflection        |       |     1 |       ||     1
